AoeStats
← ricky102603

Arabia

509353868Analyzed
1v1 RM · 7d ago on Sep 26, 2026· 40m 46s· 2 players
Game mode
Random Map
Map size
Tiny (2 player)
Population
200
Speed
Normal
Resources
Standard
Victory
Conquest
Starting age
Dark Age
Ending age
Imperial Age
RankedLock teamsTeams togetherTeam positionsShared explorationLock speedFull tech treeHidden civsTurbo modeCheats
Victory
Defeat
🇹🇼 Ethiopians · Taiwan
1019
+15
🇦🇷 Burgundians · Argentina
992
-15
ChoRi-Wolo.gg
1:07 Loom
10:12 Feudal Age
9:31 Double-Bit Axe
13:38 Fletching
13:49 Padded Archer Armor
20:08 Scale Barding Armor
20:48 Wheelbarrow
23:27 Castle Age
26:21 Elite Skirmisher
27:35 Bodkin Arrow
34:38 Town Watch
ricky102603
6:30 Loom
9:22 Feudal Age
13:09 Fletching
20:36 Castle Age
19:07 Double-Bit Axe
19:44 Padded Archer Armor
19:37 Horse Collar
20:36 Crossbowman
21:45 Bodkin Arrow
22:51 Leather Archer Armor
26:05 Thumb Ring
29:50 Forging
29:46 Scale Barding Armor
31:04 Gold Mining
31:05 Stone Mining
33:28 Husbandry
34:37 Iron Casting
35:05 Chain Barding Armor
41:13 Imperial Age
41:04 Scale Mail Armor
Connection lost

Rejoining the realm…

Still unreachable

The connection could not be restored.

Session expired

The server has moved on; the page needs a fresh start.